 Dungeon Crawl Stone Soup version 0.31-a0-640-g39d97e502b (webtiles) character file.

Game seed: 257076604391684699

65 Ekaitz the Digger (level 3, -6/26 HPs)
             Began as a Demonspawn Earth Elementalist on Aug 28, 2023.
             Mangled by Natasha (9 damage)
             ... on level 2 of the Dungeon.
             The game lasted 00:05:04 (1681 turns).

Ekaitz the Digger (Demonspawn Earth Elementalist)   Turns: 1681, Time: 00:05:04

Health: -6/26      AC:  0    Str: 10    XL:     3   Next: 94%
Magic:  6/6        EV: 14    Int: 16    God:
Gold:   98         SH:  0    Dex: 13    Spells: 0/6 levels left

rFire   . . .        e - melded +0 dagger
rCold   . . .        (shield currently unavailable)
rNeg    . . .        a - melded +0 robe
rPois   .            q - melded +0 helmet
rElec   .            (cloak currently unavailable)
rCorr   .            (gloves currently unavailable)
SInv    .            (boots currently unavailable)
Will    .....        (no amulet)
Stlth   ++           j - melded ring of poison resistance
HPRegen 0.24/turn    (ring currently unavailable)
MPRegen 0.10/turn

%: no passive effects
@: pig-form (expiring), very quick
A: fast, no casting, small, powered by pain 1
a: no special abilities


You were on level 2 of the Dungeon.
You were a filthy swine.
You visited 1 branch of the dungeon, and saw 2 of its levels.

You collected 98 gold pieces.

Inventory:

Hand Weapons
 e - a +0 dagger (melded)
Missiles
 t - 6 poisoned darts
Armour
 a - a +0 robe (melded)
 q - a +0 helmet (melded)
Jewellery
 j - a ring of poison resistance (melded)
Talismans
 f - a flux talisman
Wands
 r - a wand of mindburst (15)
Scrolls
 c - a scroll of revelation {unknown}
 g - a scroll of identify {unknown}
 h - a scroll of vulnerability {unknown}
 i - a scroll of enchant armour {unknown}
 l - a scroll of enchant weapon {unknown}
 m - a scroll of silence {unknown}
 n - a scroll of teleportation {unknown}
Potions
 b - a potion of magic
 d - a potion of cancellation {unknown}
 k - a potion of haste {unknown}
 o - a potion of invisibility {unknown}
 p - a potion of mutation {unknown}
 s - a potion of might {unknown}


   Skills:
 * Level 1.0 Fighting
 + Level 2.0 Dodging
 + Level 2.0 Stealth
 + Level 2.4 Spellcasting
 * Level 0.9 Conjurations
 + Level 1.0 Transmutations
 * Level 3.5 Earth Magic


You couldn't memorise any spells.
You knew the following spells:

 Your Spells              Type           Power      Damage    Failure   Level
a - Sandblast             Erth           26%        2d8       4%          1
b - Passwall              Tmut/Erth      7%         N/A       12%         2
c - Stone Arrow           Conj/Erth      18%        3d8       24%         3

Your spell library contained the following spells:

 Spells                   Type           Power      Damage    Failure   Level
 Magic Dart               Conj           16%        1d3       14%         1
 Freeze                   Ice            4%         1d3       21%         1
 Searing Ray              Conj           8%         2d4       21%         2
 Hailstorm                Conj/Ice       3%         3d3       43%         3
 Frozen Ramparts          Ice            2%         1d1       52%         3
 Petrify                  Tmut/Erth      9%         N/A       61%         4
 Fulminant Prism          Conj/Hex       1%         3d5       85%         4


Dungeon Overview and Level Annotations

Branches:
Dungeon (2/15)

Altars:

Annotations:
D:2 Natasha


Innate Abilities, Weirdness & Mutations

You are a filthy swine.
You move quickly.
Your equipment is almost entirely melded.
You are incapable of wielding weapons or throwing items.
You cannot cast spells.
You sometimes gain a little power by taking damage.


Message History

Unknown command.
You hit Natasha but do no damage.
Natasha is heavily wounded.
Natasha closely misses you.
You hit Natasha.
Natasha is heavily wounded.
Natasha closely misses you.
You barely miss Natasha.
Natasha is heavily wounded.
Natasha claws you.
You closely miss Natasha.
Natasha is heavily wounded.
Natasha claws you!
You closely miss Natasha.
Natasha is heavily wounded.
You barely miss Natasha.
Natasha is heavily wounded.
Natasha misses you.
You hit Natasha but do no damage.
Natasha is heavily wounded.
Natasha misses you.
You closely miss Natasha.
Natasha is heavily wounded.
Natasha howls an incantation.
Natasha's front paws start to glow.
Natasha stares at you and mumbles some strange words.
The magic dart hits you!
You focus on the pain.
You feel your power returning.
You hit Natasha.
Natasha is severely wounded.
Natasha claws you!
* * * LOW HITPOINT WARNING * * *
You barely miss Natasha.
Natasha is severely wounded.
Natasha misses you.
You miss Natasha.
Natasha is severely wounded.
Your transformation is almost over.
Natasha claws you!
You die...
Natasha curls up and begins to purr.

.### .....#############
......h>.........######
....##h.#######.##...##
. ##...#####.##.....
###.......##.....
#.......###....
#.......##.....
#........'.....
#......###.....
######## #..... #.....


You could see Natasha.

Vanquished Creatures
  Natasha (D:2)
  A worm (D:2)
  3 bats
  4 endoplasms
  2 giant cockroaches (D:1)
  2 goblins (D:1)
  4 hobgoblins
  3 jackals (D:1)
  A quokka (D:1)
  6 ball pythons
  A frilled lizard (D:1)
  2 kobolds
  6 rats (D:1)
36 creatures vanquished.

Notes
Turn   | Place    | Note
-------+----------+-------------------------------------------
     0 | D:1      | Ekaitz the Demonspawn Earth Elementalist began the quest
                  | for the Orb.
     0 | D:1      | Reached XP level 1. HP: 13/13 MP: 3/3
    88 | D:1      | Reached skill level 1 in Transmutations
   145 | D:1      | Reached skill level 3 in Earth Magic
   145 | D:1      | Gained mutation: You sometimes gain a little power by
                  | taking damage. [demonic ancestry]
   145 | D:1      | Reached XP level 2. HP: 18/19 MP: 1/5
   148 | D:1      | Learned a level 2 spell: Passwall
   858 | D:1      | Reached XP level 3. HP: 25/25 MP: 2/6
  1183 | D:2      | Learned a level 3 spell: Stone Arrow
  1454 | D:2      | Noticed Natasha
  1479 | D:2      | Killed Natasha
  1480 | D:2      | Reached skill level 1 in Fighting
  1667 | D:2      | Noticed Natasha
  1681 | D:2      | Mangled by Natasha

Illustrated notes

Levels and vault maps discovered:
D:1:      dpeg_arrival_arbitrary_a, layout_loops_ring
D:2:      layout_basic, minmay_octomino_j4, uniq_natasha

Skill      XL: |  1  2  3 |
---------------+----------+-----
Transmutations | 1 |  1.0
Earth Magic    | 3 |  3.5
Dodging        | 2 |  2.0
Fighting       | 1 |  1.0
Stealth        | 2 |  2.0
Spellcasting   | |  2.4
Conjurations   | |  0.9

Action                     || total
---------------------------++-------
  Melee: Dagger            ||    51
         Punch             ||     2
         Unarmed           ||    11
   Cast: Sandblast         ||    46
         Passwall          ||     8
         Stone Arrow       ||     1
   Stab: Sleeping          ||     8
 Armour: Robe              ||    14
  Dodge: Dodged            ||    72

Table legend: (Time is in decaauts)
 A = Elapsed time spent in this place.
 B = Non-inter-level travel time spent in this place.
 C = Inter-level travel time spent in this place.
 D = Time resting spent in this place.
 E = Time spent auto-exploring this place.
 F = Levels seen in this place.
 G = Mean time per level.
                   A        B        C        D        E       F      G
               +--------+--------+--------+--------+--------+-----+--------+
         Total |   1702 |   1657 |     45 |     72 |   1173 |   2 |  851.0 |
       Dungeon |   1702 |   1657 |     45 |     72 |   1173 |   2 |  851.0 |
               +--------+--------+--------+--------+--------+-----+--------+

Top non-repeatable levels by time:
     D:1: 1184 daAuts
     D:2: 517 daAuts
